 Dungeon Crawl Stone Soup version 0.13-b1-28-gc7b9293 (webtiles) character file.

254 Lilouch the Skirmisher (level 5, 0/55 HPs)
             Began as an Ogre Berserker on Oct 4, 2013.
             Was a Believer of Trog.
             Succumbed to an adder's poison
             ... on Level 3 of the Dungeon.
             The game lasted 00:29:01 (3028 turns).

Lilouch the Skirmisher (Ogre Berserker)             Turns: 3028, Time: 00:29:02

HP   0/55        AC  4     Str 23      XL: 5   Next: 12%
MP   4/4         EV 11     Int  6      God: Trog [**....]
Gold 125         SH  0     Dex  9      Spells:  0 memorised,  4 levels left

Res.Fire  : . . .   See Invis. : .   a - +0 mace
Res.Cold  : . . .   Warding    : .   b - +0 animal skin
Life Prot.: . . .   Conserve   : .   (shield restricted)
Res.Poison: .       Res.Corr.  : .   (helmet restricted)
Res.Elec. : .       Clarity    : .   m - +0 cloak
Sust.Abil.: . .     Spirit.Shd : .   (gloves unavailable)
Res.Mut.  : .       Stasis     : .   (boots unavailable)
Res.Rott. : .       Flight     : .   (no amulet)
Saprovore : + . .                    (no ring)
                                     (no ring)

@: mildly poisoned, slightly resistant to hostile enchantments, unstealthy
A: unfitting armour, fast metabolism 1, saprovore 1, tough skin 1
a: Burn Spellbooks, Berserk, Trog's Hand, Renounce Religion


You were on level 3 of the Dungeon.
You worshipped Trog.
Trog was pleased with you.
You were hungry.

You visited 1 branch of the dungeon, and saw 3 of its levels.

You collected 105 gold pieces.

Inventory:

Hand weapons
 a - a +0,+0 mace (weapon)
 G - a +2,+1 orcish mace of crushing
Missiles
 f - 57 arrows
 h - 14 bolts of frost
 x - 7 stones (quivered)
 y - 2 exploding darts
 H - 16 sling bullets
Armour
 b - a +0 animal skin (worn)
 m - a +0 cloak (worn)
Comestibles
 c - 2 meat rations
 t - 2 bread rations
 w - a pear
 z - 3 apples
 A - an orange
 F - a choko
Scrolls
 e - 2 scrolls of remove curse {unknown}
 g - a scroll of blinking {unknown}
 l - 2 scrolls of identify {unknown}
 o - 2 scrolls of fear {unknown}
 r - a scroll of fog {unknown}
 s - a scroll of enchant weapon II {unknown}
 B - 2 scrolls of enchant armour {unknown}
 E - a scroll of curse weapon {unknown}
 I - a scroll of random uselessness {unknown}
Jewellery
 n - an uncursed ring of teleport control {unknown}
 v - a +2 ring of dexterity {unknown}
Potions
 d - 2 potions of curing {unknown}
 i - 2 potions of speed {unknown}
 j - a potion of resistance {unknown}
 k - 4 potions of brilliance {unknown}
 q - 2 potions of invisibility {unknown}
 u - 2 potions of restore abilities {unknown}
 C - 2 potions of might {unknown}
 D - a potion of berserk rage {unknown}


   Skills:
 + Level 5.0 Fighting
 + Level 5.0 Maces & Flails
 + Level 4.2 Dodging
 + Level 0.5 Stealth


You had 4 spell levels left.
You didn't know any spells.

Dungeon Overview and Level Annotations

Branches:
Dungeon (3/27)

Altars:


Innate Abilities, Weirdness & Mutations

You are too large for most types of armour.
You have a fast metabolism.
You can tolerate rotten meat.
You have tough skin (AC +1).


Message History

You feel sick.
You start resting.
* * * LOW HITPOINT WARNING * * *
You feel sick.
You start resting.
* * * LOW HITPOINT WARNING * * *
You feel sick.
You start resting.
* * * LOW HITPOINT WARNING * * *
You feel sick.
You are feeling hungry.
Eat which item? (? for menu, Esc to quit)
Okay, then.
* * * LOW HITPOINT WARNING * * *
You feel sick.
* * * LOW HITPOINT WARNING * * *
You feel sick.
* * * LOW HITPOINT WARNING * * *
You feel sick.
You die...

#.#
#.################
'...............>#
#..#############.#
#..# ####.# #..#
#....# #..# #.##.#
#..# #.##.# #..#
#.##@# ...# #.##.#
...# #.##.# ...#
#.##.# ...# #.##.#
.#.##########.##.#
............#.##.#
.#.########.#.##.#
.#.#
#.#.##.########


There were no monsters in sight!

Vanquished Creatures
  Jessica (D:2)
  3 adders
  A giant mite (D:2)
  2 worms
  A giant gecko (D:1)
  2 orcs (D:3)
  8 bats
  5 giant cockroaches
  6 goblins
  5 hobgoblins (D:2)
  8 jackals
  6 kobolds
  3 ball pythons (D:2)
  2 giant newts (D:2)
  A quokka (D:2)
  7 rats
61 creatures vanquished.

Notes
Turn   | Place    | Note
--------------------------------------------------------------
     0 | D:1      | Lilouch, the Ogre Berserker, began the quest for the Orb.
     0 | D:1      | Reached XP level 1. HP: 23/23 MP: 0/0
   259 | D:1      | Reached XP level 2. HP: 32/32 MP: 1/1
  1003 | D:2      | Noticed Jessica
  1012 | D:2      | Killed Jessica
  1012 | D:2      | Acquired Trog's second power
  1012 | D:2      | Reached XP level 3. HP: 25/39 MP: 2/2
  1320 | D:2      | Reached XP level 4. HP: 40/48 MP: 3/3
  1621 | D:2      | Reached skill level 5 in Fighting
  2590 | D:3      | Reached skill level 5 in Maces & Flails
  2915 | D:3      | Reached XP level 5. HP: 38/55 MP: 4/4
  3018 | D:3      | HP: 2/55 [poisoned by an adder]
  3023 | D:3      | HP: 1/55 [poisoned by an adder]
  3028 | D:3      | Succumbed to an adder's poison

Action                   |  1- 3 |  4- 6 || total
-------------------------+-------+-------++-------
Melee: Mace              |    83 |   114 ||   197
 Stab: Sleeping          |       |     1 ||     1
